[Event "fics rated crazyhouse match"]
[Site "fics, Oklahoma City, OK USA"]
[Date "2000.01.01"]
[White "BEO"]
[WhiteElo "2155"]
[Black "Firefly"]
[BlackElo "2447"]
[TimeControl "120+0"]
[Result "0-1"]

1. e4 e6 2. d4 Nc6 3. Nf3 Nf6 4. Bd3 d5 5. e5 Ne4 6. O-O 
Be7 7. Nbd2 Ng5 8. Nxg5 Bxg5 9. Nf3 Bxc1 10. Rxc1 B@h6 11. Rb1 N@f4 
12. B@g3 Nxd3 13. cxd3 B@h5 14. N@f4 Bxf3 15. Qxf3 Nxd4 16. Qh5 Bxf4 17. Bxf4 
N@e2+ 18. Kh1 Nxf4 19. Qg4 P@f3 20. Qxf4 fxg2+ 21. Kxg2 B@f3+ 22. Kh3 P@g4# 
{BEO resigns} 0-1

[Event "fics rated crazyhouse match"]
[Site "fics, Oklahoma City, OK USA"]
[Date "2000.01.01"]
[White "Firefly"]
[WhiteElo "2450"]
[Black "BEO"]
[BlackElo "2152"]
[TimeControl "120+0"]
[Result "0-1"]

1. e4 e6 2. Nc3 d5 3. exd5 exd5 4. Nf3 Nf6 5. Bb5+ c6 6. Qe2+ 
Be7 7. P@e5 Ng4 8. Ba4 O-O 9. d4 Na6 10. h3 Nh6 11. Bxh6 gxh6 
12. N@f6+ Kh8 13. Ng4 P@g7 14. Bb3 Nc7 15. Rd1 B@h5 16. Ne3 Ne6 17. g4 
Nf4 18. Qd2 Bg6 19. Ng1 Be6 20. Nce2 Nxe2 21. Qxe2 a5 22. a4 N@f4 
23. Qf3 Be4 24. Qxf4 Bxh1 25. f3 f6 26. Qh2 Bxf3 27. Nxf3 P@e4 28. exf6 
Bxf6 29. Ne5 Bxe5 30. dxe5 N@f3+ 31. Ke2 Nxh2 32. Kd2 Nf3+ 33. Kc1 R@a1+ 
34. B@b1 P@d2+ 35. Rxd2 Nxd2 36. Kxd2 Rxb1 37. B@c1 Rf2+ 38. P@e2 Rxe2+ 39. Kxe2 
Q@f3+ 40. Kd2 Rxc1 41. Kxc1 R@g1+ 42. N@d1 Qxe3+ 43. P@d2 N@a1 44. Kb1 Rxd1# 
{Firefly forfeits on time} 0-1

[Event "fics rated crazyhouse match"]
[Site "fics, Oklahoma City, OK USA"]
[Date "2000.01.01"]
[White "BEO"]
[WhiteElo "2166"]
[Black "Firefly"]
[BlackElo "2436"]
[TimeControl "120+0"]
[Result "0-1"]

1. e4 e6 2. d4 Nc6 3. Nf3 d5 4. e5 Nge7 5. Bd3 Nf5 6. Bxf5 
exf5 7. O-O B@g4 8. c3 Bxf3 9. gxf3 f4 10. B@g2 Qg5 11. N@g4 h5 
12. Ne3 N@h4 
{BEO resigns} 0-1

[Event "fics rated crazyhouse match"]
[Site "fics, Oklahoma City, OK USA"]
[Date "2000.01.01"]
[White "Firefly"]
[WhiteElo "2439"]
[Black "BEO"]
[BlackElo "2163"]
[TimeControl "120+0"]
[Result "1-0"]

1. e4 e6 2. Nc3 d5 3. exd5 exd5 4. d4 Nf6 5. Nf3 Be7 6. Ne5 
O-O 7. P@h6 gxh6 8. Bxh6 P@g7 9. Bxg7 Kxg7 10. P@g5 Ng8 11. P@f6+ Nxf6 
12. gxf6+ Bxf6 13. N@h5+ Kg8 14. Nxf6+ Qxf6 15. Nxd5 B@a5+ 16. c3 Qe6 17. Bc4 
N@d6 18. B@b3 Nxc4 19. Bxc4 P@b5 20. P@e7 Re8 21. N@f6+ Kh8 22. Nxe8 bxc4 
23. R@f8+ B@g8 24. Rxg8+ Kxg8 25. Ndf6+ Qxf6 26. Nxf6+ Kg7 27. B@h8+ Kxh8 28. Q@g8# 
{BEO checkmated} 1-0

[Event "fics rated crazyhouse match"]
[Site "fics, Oklahoma City, OK USA"]
[Date "2000.01.01"]
[White "BEO"]
[WhiteElo "2160"]
[Black "Firefly"]
[BlackElo "2442"]
[TimeControl "120+0"]
[Result "1-0"]

1. e4 e6 2. d3 d5 3. Nf3 dxe4 4. dxe4 Qxd1+ 5. Kxd1 Nf6 6. Nc3 
Bd7 7. Bd3 Bc5 8. P@d4 Bb4 9. Bg5 Bxc3 10. bxc3 P@b2 11. Rb1 N@a4 
12. B@d2 Q@a1 13. Ke2 Qxa2 14. e5 P@e7 15. exf6 exf6 16. Bgf4 P@d6 17. N@h5 
O-O 18. Nxg7 e5 19. Nh5 
{Firefly resigns} 1-0

[Event "fics rated crazyhouse match"]
[Site "fics, Oklahoma City, OK USA"]
[Date "2000.01.01"]
[White "Firefly"]
[WhiteElo "2429"]
[Black "BEO"]
[BlackElo "2173"]
[TimeControl "120+0"]
[Result "1-0"]

1. e4 e6 2. Nc3 d6 3. d4 Nf6 4. Bg5 Be7 5. Nf3 Nc6 6. Bd3 
O-O 7. Qe2 e5 8. dxe5 Nxe5 9. P@h6 gxh6 10. Bxh6 Nfg4 11. Bxf8 Qxf8 
12. Nd5 Nxf3+ 13. gxf3 Ne5 14. Rg1+ P@g7 15. P@f6 Bxf6 16. Nxf6+ Kh8 17. B@h6 
P@g6 18. R@g8+ Qxg8 19. Nxg8 gxh6 20. Nxh6 R@f8 21. P@g7+ Kxg7 22. N@f5+ Kf6 
23. Q@e7# 
{BEO checkmated} 1-0

[Event "fics rated crazyhouse match"]
[Site "fics, Oklahoma City, OK USA"]
[Date "2000.01.01"]
[White "BEO"]
[WhiteElo "2170"]
[Black "Firefly"]
[BlackElo "2432"]
[TimeControl "120+0"]
[Result "0-1"]

1. e4 e6 2. d3 Nf6 3. Nf3 Nc6 4. Nc3 d5 5. exd5 exd5 6. Bg5 
Bb4 7. a3 Ba5 8. Be2 d4 9. Nxd4 Nxd4 10. O-O P@h3 11. gxh3 Bxh3 
12. Re1 O-O 13. P@e5 P@e7 14. exf6 exf6 15. Be3 Nxe2+ 16. Qxe2 P@f3 17. Qxf3 
B@g4 18. Qg3 N@f3+ 19. Kh1 Nxe1 20. Rxe1 Bxc3 21. bxc3 N@f5 22. Qf4 Nxe3 
23. fxe3 B@f3+ 24. Kg1 R@g2+ 25. Kf1 Rxc2# 
{BEO resigns} 0-1

[Event "fics rated crazyhouse match"]
[Site "fics, Oklahoma City, OK USA"]
[Date "2000.01.01"]
[White "Firefly"]
[WhiteElo "2435"]
[Black "BEO"]
[BlackElo "2167"]
[TimeControl "120+0"]
[Result "1-0"]

1. e4 d6 2. d4 Nf6 3. Nc3 Nc6 4. d5 Ne5 5. f4 Neg4 6. h3 
Nh6 7. Nf3 e6 8. dxe6 Bxe6 9. f5 Nxf5 10. exf5 Bxf5 11. Be3 P@g3 
12. Qe2 Be7 13. O-O-O P@b4 14. Nb5 a6 15. Nbd4 Be4 16. Ng5 P@c3 17. P@e6 
cxb2+ 18. Kb1 O-O 19. Nxf7 Rxf7 20. exf7+ Kxf7 21. N@g5+ Kg8 22. Nxe4 Nxe4 
23. P@f7+ Kxf7 24. B@d5+ Ke8 25. R@g8+ N@f8 26. Qh5+ P@g6 27. Qxg6+ hxg6 28. Rxf8+ 
Bxf8 29. P@f7+ Ke7 30. N@g8+ Kd7 31. Be6# 
{BEO checkmated} 1-0

[Event "fics rated crazyhouse match"]
[Site "fics, Oklahoma City, OK USA"]
[Date "2000.01.01"]
[White "BEO"]
[WhiteElo "2164"]
[Black "Firefly"]
[BlackElo "2438"]
[TimeControl "120+0"]
[Result "0-1"]

1. e4 Nf6 2. d3 d5 3. exd5 Nxd5 4. Nf3 Nc6 5. Be2 e5 6. Nc3 
Nxc3 7. bxc3 N@f4 8. Rg1 P@h3 9. Bxf4 exf4 10. gxh3 Bxh3 11. Rb1 P@e3 
12. P@d2 exf2+ 13. Kxf2 P@g4 14. Ne1 Bc5+ 15. P@d4 Nxd4 16. cxd4 Bxd4+ 17. P@e3 
fxe3+ 18. dxe3 Bxe3+ 19. Kxe3 P@f4+ 20. Kxf4 Qd4+ 21. B@e4 B@e3+ 22. Kg3 Bf2+ 
23. Kf4 P@e5+ 24. Kg5 Qe3+ 25. Kf5 Qf4# 
{BEO checkmated} 0-1

[Event "fics rated crazyhouse match"]
[Site "fics, Oklahoma City, OK USA"]
[Date "2000.01.01"]
[White "Firefly"]
[WhiteElo "2441"]
[Black "BEO"]
[BlackElo "2161"]
[TimeControl "120+0"]
[Result "1-0"]

1. e4 e6 2. Nc3 d5 3. exd5 exd5 4. Nf3 Nf6 5. d4 Be7 6. Ne5 
O-O 7. P@h6 gxh6 8. Bxh6 P@g7 9. Bxg7 Kxg7 10. P@g5 Ng4 11. P@f6+ Nxf6 
12. gxf6+ Bxf6 13. N@h5+ Kg8 14. Nxf6+ Qxf6 15. Nxd5 Qh6 16. B@e3 B@g5 17. Bxg5 
Qxg5 18. B@e3 Qh4 19. g3 
{BEO resigns} 1-0

[Event "fics rated crazyhouse match"]
[Site "fics, Oklahoma City, OK USA"]
[Date "2000.01.01"]
[White "Firefly"]
[WhiteElo "2444"]
[Black "jtp"]
[BlackElo "2278"]
[TimeControl "180+0"]
[Result "1-0"]

1. e4 Nf6 2. Nc3 d5 3. exd5 Nxd5 4. Nf3 e6 5. Nxd5 exd5 6. d4 
Nc6 7. Bb5 Bb4+ 8. c3 Qe7+ 9. P@e5 Bf5 10. O-O P@h3 11. gxh3 Bxh3 
12. Re1 P@e4 13. Ng5 Bd7 14. Bxc6 bxc6 15. P@g2 Ba5 16. N@h5 f6 17. exf6 
gxf6 18. P@g7 Rg8 19. Nxh7 N@g4 20. P@h3 Nxf2 21. N7xf6+ Kd8 22. Qe2 Nxh3+ 
23. gxh3 Rxg7+ 24. Nxg7 Qxg7+ 25. N@g4 N@f3+ 26. Qxf3 exf3 27. R@e8+ Bxe8 28. Rxe8# 
{jtp checkmated} 1-0

[Event "fics rated crazyhouse match"]
[Site "fics, Oklahoma City, OK USA"]
[Date "2000.01.01"]
[White "jtp"]
[WhiteElo "2274"]
[Black "Firefly"]
[BlackElo "2448"]
[TimeControl "180+0"]
[Result "1-0"]

1. e4 e6 2. d4 Nc6 3. Nf3 Nf6 4. e5 Ne4 5. Bd3 d5 6. exd6 
Nxd6 7. Nc3 Nf5 8. Bxf5 exf5 9. Qe2+ P@e4 10. P@d5 Nb4 11. Bg5 B@e7 
12. Bxe7 Bxe7 13. N@h5 B@f6 14. B@e5 Rg8 15. Bxf6 Bxf6 16. B@c5 Nxd5 17. Nxe4 
fxe4 18. Qxe4+ B@e6 19. Qxh7 Kd7 20. P@e5 Be7 21. Nxg7 Bxc5 22. Nxe6 Bb4+ 
23. P@c3 Kxe6 24. B@h3+ Ke7 25. cxb4 Bxh3 26. B@f6+ Nxf6 27. exf6+ Kd7 28. Qxh3+ 
B@e6 29. P@f5 Kc8 30. N@e7+ Kb8 31. fxe6 B@g4 32. exf7 Bxh3 33. fxg8=Q Qxg8 
34. Nxg8 P@d2+ 35. Nxd2 N@f4 36. R@e8+ B@c8 37. B@f3 Q@d7 38. Q@f8 N@d6 39. Rxc8+ 
Nxc8 40. gxh3 R@e8+ 41. P@e7 P@g2 42. Rg1 Rxf8 43. exf8=Q Qe6+ 44. R@e5 Q@h1 
45. O-O-O Qxg1 46. Rxg1 R@a1+ 47. B@b1 Qxg8 48. Qxg8 N@e2+ 49. Bxe2 Nxe2+ 50. Kd1 
Rxb1+ 51. Kxe2 B@a6+ 52. P@d3 B@f1+ 53. Kf3 b6 54. N@d7+ Kb7 55. B@e4+ c6 
56. Bxc6+ Kc7 57. Q@d8+ Kxc6 58. Q@d5# 
{Firefly checkmated} 1-0

[Event "fics rated crazyhouse match"]
[Site "fics, Oklahoma City, OK USA"]
[Date "2000.01.01"]
[White "Firefly"]
[WhiteElo "2436"]
[Black "jtp"]
[BlackElo "2286"]
[TimeControl "180+0"]
[Result "1-0"]

1. e4 Nf6 2. Nc3 d5 3. exd5 Nxd5 4. Nf3 e6 5. Nxd5 Qxd5 6. d4 
Nc6 7. P@c4 Qa5+ 8. Bd2 P@b4 9. N@b3 Qh5 10. Be2 Qg6 11. Rg1 N@e4 
12. Be3 Be7 13. d5 exd5 14. cxd5 Nd8 15. Bb5+ Kf8 16. P@d7 Bxd7 17. Bxd7 
P@g4 18. B@f5 gxf3 19. Bxg6 P@e2 20. Q@e8# 
{jtp checkmated} 1-0

[Event "fics rated crazyhouse match"]
[Site "fics, Oklahoma City, OK USA"]
[Date "2000.01.01"]
[White "jtp"]
[WhiteElo "2281"]
[Black "Firefly"]
[BlackElo "2441"]
[TimeControl "180+0"]
[Result "0-1"]

1. e4 e6 2. d4 d5 3. exd5 exd5 4. Bb5+ Nc6 5. Qe2+ P@e4 6. Nc3 
Be6 7. P@a6 Ne7 8. axb7 Rb8 9. P@a6 Bd7 10. Be3 Nf5 11. Rd1 Bb4 
12. f3 Qe7 13. Bxc6 Bxc6 14. N@e5 B@b5 15. Nxc6 Bxe2 16. Kxe2 exf3# 
{jtp resigns} 0-1

[Event "fics rated crazyhouse match"]
[Site "fics, Oklahoma City, OK USA"]
[Date "2000.01.01"]
[White "Firefly"]
[WhiteElo "2446"]
[Black "jtp"]
[BlackElo "2276"]
[TimeControl "180+0"]
[Result "1-0"]

1. e4 Nc6 2. d4 d5 3. e5 Nh6 4. Bxh6 gxh6 5. Nc3 B@b4 6. Bd3 
Nxd4 7. Bxh7 Nf5 8. P@g6 Rxh7 9. gxh7 B@d4 10. R@g8 Bxe5 11. Nf3 Bexc3+ 
12. bxc3 Bxc3+ 13. B@d2 Bxd2+ 14. Qxd2 P@b2 15. Rxf8+ Kxf8 16. h8=Q+ B@g8 17. N@h7+ 
Ke8 18. Qxg8+ Kd7 19. Qxd5+ R@d6 20. Ne5# 
{jtp checkmated} 1-0

[Event "fics rated crazyhouse match"]
[Site "fics, Oklahoma City, OK USA"]
[Date "2000.01.01"]
[White "jtp"]
[WhiteElo "2272"]
[Black "Firefly"]
[BlackElo "2450"]
[TimeControl "180+0"]
[Result "0-1"]

1. e4 Nf6 2. Nc3 d5 3. exd5 Nxd5 4. Nf3 Nxc3 5. bxc3 Nc6 6. Bb5 
Bd7 7. d4 e6 8. Rb1 N@e4 9. Qd3 P@d5 10. O-O a6 11. Bxc6 Bxc6 
12. Ne5 B@b5 13. Qf3 Qe7 14. Re1 f6 15. P@f7+ Kd8 16. N@g8 Qd6 17. Bf4 
fxe5 18. dxe5 Qd7 19. Rxb5 axb5 20. B@e8 N@d2 21. Bxd2 Nxd2 22. Qe2 Ne4 
23. Bxd7 Bxd7 24. Q@e8+ Bxe8 25. fxe8=Q+ Kxe8 26. Qxb5+ B@c6 27. Qe2 Rxg8 28. P@b5 
Bd7 29. P@a6 bxa6 30. bxa6 P@h3 31. P@b7 R@h1+ 32. Kxh1 hxg2+ 33. Kxg2 N@h4+ 
34. Kh3 Q@g2+ 35. Kxh4 B@g5+ 36. Kh5 g6# 
{jtp checkmated} 0-1

[Event "fics rated crazyhouse match"]
[Site "fics, Oklahoma City, OK USA"]
[Date "2000.01.01"]
[White "Firefly"]
[WhiteElo "2454"]
[Black "jtp"]
[BlackElo "2268"]
[TimeControl "180+0"]
[Result "1-0"]

1. e4 Nc6 2. d4 d5 3. e5 Nh6 4. Bxh6 gxh6 5. Nc3 Rg8 6. N@f4 
B@b4 7. a3 Bxc3+ 8. bxc3 N@e4 9. B@d2 a6 10. Bd3 Bf5 11. Bxe4 Bxe4 
12. f3 Bf5 13. N@g3 B@h4 14. Nge2 f6 15. exf6 exf6 16. O-O P@e6 17. Nxf5 
exf5 18. B@e6 
{jtp resigns} 1-0

[Event "fics rated crazyhouse match"]
[Site "fics, Oklahoma City, OK USA"]
[Date "2000.01.01"]
[White "jtp"]
[WhiteElo "2264"]
[Black "Firefly"]
[BlackElo "2458"]
[TimeControl "180+0"]
[Result "0-1"]

1. e4 e6 2. d4 Nc6 3. Nc3 Bb4 4. Nf3 Nf6 5. Bg5 h6 6. Bxf6 
Qxf6 7. a3 Bxc3+ 8. bxc3 B@b2 9. N@b5 O-O 10. Rb1 N@a4 11. B@d2 a6 
12. Nxc7 Bxc3 13. Nxa8 Nxd4 14. Bxc3 Nxf3+ 15. Qxf3 Qxc3+ 16. Qxc3 Nxc3 17. Q@d4 
B@f6 18. P@e5 Bxe5 19. N@e7+ Kh8 20. B@g6 P@h7 21. Qxe5 P@d2+ 22. Kxd2 Nxb1+ 
23. Ke3 N@g4+ 24. Kf4 Nxe5 
{jtp resigns} 0-1

[Event "fics rated crazyhouse match"]
[Site "fics, Oklahoma City, OK USA"]
[Date "2000.01.01"]
[White "Firefly"]
[WhiteElo "2462"]
[Black "jtp"]
[BlackElo "2260"]
[TimeControl "180+0"]
[Result "1-0"]

1. e4 Nf6 2. e5 Ne4 3. f3 Nc5 4. d4 Na4 5. Bb5 Nb6 6. Nc3 
a6 7. Bd3 d5 8. Nge2 Nc6 9. O-O f6 10. f4 e6 11. Be3 Be7 
12. Ng3 f5 13. Qh5+ g6 14. Qe2 Bh4 15. Nh1 Bd7 16. g3 Be7 17. Nf2 
Nb4 18. Nh3 Kf7 19. a3 Nc6 20. g4 fxg4 21. Ng5+ Bxg5 22. fxg5+ P@f3 
23. Rxf3+ gxf3 24. Qxf3+ N@f5 25. Bxf5 exf5 26. N@h6+ Kf8 27. B@f6 
{jtp resigns} 1-0

[Event "fics rated crazyhouse match"]
[Site "fics, Oklahoma City, OK USA"]
[Date "2000.01.01"]
[White "jtp"]
[WhiteElo "2256"]
[Black "Firefly"]
[BlackElo "2466"]
[TimeControl "180+0"]
[Result "0-1"]

1. e4 e6 2. d4 Nc6 3. Nf3 Nf6 4. Nc3 Bb4 5. Bg5 h6 6. Bxf6 
Qxf6 7. a3 Ba5 8. Qd3 B@a6 9. Qe3 Bxf1 10. Kxf1 Bxc3 11. Qxc3 N@f4 
12. Rg1 B@e2+ 13. Ke1 Bxf3 14. Qxf3 Nxd4 15. Qc3 Nxg2+ 16. Rxg2 N@f3+ 17. Kd1 
P@e2+ 18. Kc1 e1=Q+ 19. N@d1 Ne2# 
{jtp resigns} 0-1

[Event "fics rated crazyhouse match"]
[Site "fics, Oklahoma City, OK USA"]
[Date "2000.01.01"]
[White "LINDEGREN"]
[WhiteElo "2224"]
[Black "jtp"]
[BlackElo "2252"]
[TimeControl "180+0"]
[Result "1-0"]

1. e4 Nf6 2. Nc3 d5 3. exd5 Nxd5 4. d4 e6 5. Nf3 Bb4 6. Bd2 
Qe7 7. Bd3 f5 8. Ne5 Bxc3 9. bxc3 N@f4 10. Rg1 Nc6 11. P@f7+ Kf8 
12. Nxc6 bxc6 13. N@e5 P@d6 14. Nxc6 Qxf7 15. B@g5 Nxd3+ 16. cxd3 P@f6 17. P@h6 
fxg5 18. Bxg5 gxh6 19. P@e7+ Kg8 20. Bxh6 P@g7 21. N@g5 gxh6 22. Nxf7 Kxf7 
23. P@f6 Kxf6 24. Q@f8+ Rxf8 25. exf8=Q+ N@f7 26. Ne5 dxe5 27. dxe5+ Kxe5 28. d4+ 
Kf6 29. P@e5+ Kg5 30. Qxf7 Q@e4+ 31. R@e2 N@d3+ 32. Kf1 Qg4 33. N@f3+ Kf4 
34. g3+ Kxf3 35. Re3# 
{jtp checkmated} 1-0

[Event "fics rated crazyhouse match"]
[Site "fics, Oklahoma City, OK USA"]
[Date "2000.01.01"]
[White "pminear"]
[WhiteElo "2380"]
[Black "LINDEGREN"]
[BlackElo "2221"]
[TimeControl "180+0"]
[Result "0-1"]

1. e4 e6 2. Nc3 Nc6 3. d4 d5 4. Nf3 Nf6 5. exd5 Nxd5 6. Bd3 
Bb4 7. Bd2 Bxc3 8. bxc3 Qe7 9. P@e4 N@b2 10. Qe2 Nxd3+ 11. cxd3 Nxc3 
12. Bxc3 P@b4 13. Bd2 B@c3 14. O-O Bxd2 15. Qxd2 P@g4 16. B@h4 B@f6 17. Ng5 
Nxd4 18. N@h5 P@f3 19. B@h1 Bxg5 20. Nxg7+ Kd8 21. Bxg5 N@e2# 
{pminear resigns} 0-1

[Event "fics rated crazyhouse match"]
[Site "fics, Oklahoma City, OK USA"]
[Date "2000.01.01"]
[White "Flesh"]
[WhiteElo "2267"]
[Black "MrMnM"]
[BlackElo "2156"]
[TimeControl "60+0"]
[Result "1-0"]

1. e4 d5 2. exd5 e6 3. Bb5+ c6 4. dxe6 Bxe6 5. d4 cxb5 6. Nc3 
Bb4 7. Bf4 P@c7 8. Nf3 B@a5 9. O-O Bxc3 10. bxc3 Bxc3 11. B@e5 P@f6 
12. Bxc7 Qc8 13. Bxb8 Rxb8 14. N@d6+ Kf8 15. Nxc8 Rxc8 16. P@d6 Bxa1 17. P@e7+ 
Nxe7 18. dxe7+ Kxe7 19. d5 N@c3 20. dxe6 Nxd1 21. Q@d7+ Kf8 22. e7+ Kg8 
23. Qxc8# 
{MrMnM resigns} 1-0

[Event "fics rated crazyhouse match"]
[Site "fics, Oklahoma City, OK USA"]
[Date "2000.01.01"]
[White "MrMnM"]
[WhiteElo "2150"]
[Black "Flesh"]
[BlackElo "2273"]
[TimeControl "60+0"]
[Result "0-1"]

1. e4 d5 2. Nc3 d4 3. Nd5 e6 4. Nf4 Bd6 5. d3 Nc6 6. Nf3 
e5 7. Nd5 Bg4 8. Be2 Nf6 9. Nxf6+ Qxf6 10. Bg5 Qe6 11. N@d5 f6 
12. Bh4 O-O 13. h3 Bh5 14. Nh2 Bxe2 15. Qxe2 N@f4 16. Nxf4 exf4 17. B@d5 
Qxd5 18. exd5 B@e3 19. fxe3 dxe3 20. B@e6+ Kh8 21. N@f7+ Rxf7 22. Bxf7 P@f2+ 
23. Bxf2 exf2+ 24. Qxf2 B@e3 25. Qe2 B@d2+ 26. Kd1 N@f2+ 27. Qxf2 Bxf2 28. N@g6+ 
hxg6 29. R@h7+ Kxh7 30. Bxg6+ Kxg6 31. P@h5+ Kf7 32. P@g6+ Ke7 33. Q@f7+ Kd8 
34. dxc6 B@e2+ 35. Kxe2 Q@e3+ 36. Kd1 N@c3+ 37. bxc3 N@b2# 
{MrMnM checkmated} 0-1

[Event "fics rated crazyhouse match"]
[Site "fics, Oklahoma City, OK USA"]
[Date "2000.01.01"]
[White "Flesh"]
[WhiteElo "2278"]
[Black "MrMnM"]
[BlackElo "2137"]
[TimeControl "60+0"]
[Result "0-1"]

1. e4 d5 2. exd5 e6 3. Bb5+ c6 4. dxe6 Bxe6 5. d4 cxb5 6. Bf4 
P@c7 7. Nc3 Bb4 8. Nf3 Nf6 9. Bg5 B@e7 10. Bxf6 Bxf6 11. P@e5 Bxc3+ 
12. bxc3 Be7 13. P@d6 cxd6 14. exd6 Bxd6 15. P@e5 Be7 16. N@d6+ Bxd6 17. exd6 
B@b2 18. B@c7 Bxc3+ 19. B@d2 Bxd2+ 20. Qxd2 Qd7 21. Ne5 Qc8 22. Bxb8 Rxb8 
23. B@e7 B@c3 24. O-O Bxd2 25. N@c7+ Qxc7 26. dxc7 N@h3+ 27. gxh3 N@e2+ 28. Kh1 
P@g2+ 29. Kxg2 N@f4+ 30. Kf3 Q@g2# 
{Flesh checkmated} 0-1

[Event "fics rated crazyhouse match"]
[Site "fics, Oklahoma City, OK USA"]
[Date "2000.01.01"]
[White "MaskedMutant"]
[WhiteElo "2169"]
[Black "Flesh"]
[BlackElo "2267"]
[TimeControl "60+0"]
[Result "0-1"]

1. e4 d5 2. exd5 e6 3. Nc3 exd5 4. d4 Bd7 5. Nf3 Nf6 6. Be2 
Bb4 7. Bg5 P@a3 8. P@e5 axb2 9. exf6 Bxc3+ 10. Kf1 bxa1=Q 11. fxg7 Qxd1+ 
12. Bxd1 Rg8 13. Bxd8 N@d2+ 14. Nxd2 R@e1+ 15. Kxe1 Bxd2+ 16. Kxd2 N@e4+ 17. Kc1 
P@d2+ 18. Kb2 Q@c1+ 19. Kb3 Ba4+ 20. Kxa4 Nc3+ 21. Kb4 Nc6+ 22. Kc5 Qa3+ 
23. N@b4 Qxb4# 
{MaskedMutant checkmated} 0-1

[Event "fics rated crazyhouse match"]
[Site "fics, Oklahoma City, OK USA"]
[Date "2000.01.01"]
[White "Flesh"]
[WhiteElo "2273"]
[Black "MaskedMutant"]
[BlackElo "2163"]
[TimeControl "60+0"]
[Result "1-0"]

1. e4 Nf6 2. Nc3 e6 3. d4 Be7 4. Bg5 O-O 5. Bxf6 Bxf6 6. e5 
Bg5 7. Nf3 B@f4 8. Nxg5 Bxg5 9. N@f3 Nc6 10. Nxg5 Qxg5 11. h4 Qg4 
12. B@f3 Qxd4 13. Qxd4 Nxd4 14. Bd3 N@b4 15. O-O-O Nxd3+ 16. Rxd3 Nxc2 17. B@f6 
gxf6 18. exf6 B@h6+ 19. P@g5 Nb4 20. Bd1 Nxd3+ 21. Kd2 N@c4+ 22. Kxd3 R@d2+ 
23. Kxc4 B@a6+ 24. N@b5 Bxb5+ 25. Nxb5 N@b6+ 26. Kc3 Q@d3+ 27. Kb4 a5+ 28. Kc5 
P@d6+ 29. Nxd6 cxd6+ 30. Kxb6 Ra6+ 31. Kc7 N@b5+ 32. Kb8 Ra8+ 33. Kxa8 Nc7+ 
34. Kb8 Na6+ 35. Ka7 P@c7 36. N@e7+ Kh8 37. N@g7 
{MaskedMutant forfeits on time} 1-0

[Event "fics rated crazyhouse match"]
[Site "fics, Oklahoma City, OK USA"]
[Date "2000.01.01"]
[White "jtp"]
[WhiteElo "2243"]
[Black "Gobi"]
[BlackElo "2372"]
[TimeControl "180+0"]
[Result "1-0"]

1. e4 e5 2. Nf3 Nc6 3. Bc4 Bc5 4. c3 Nf6 5. d4 exd4 6. cxd4 
Bb6 7. e5 Ng4 8. O-O d5 9. exd6 Qxd6 10. Re1+ P@e6 11. P@c5 Bxc5 
12. dxc5 Qxc5 13. Qe2 P@e4 14. Ng5 e3 15. Bxe3 Nxe3 16. Qxe3 Qxc4 17. B@d3 
Qb4 18. N@d5 Qd6 19. Nxf7 Kxf7 20. P@g6+ hxg6 21. Bxg6+ Kxg6 22. Nf4+ Kf7 
23. P@g6+ Kf8 24. P@e5 Qe7 25. P@f6 gxf6 26. exf6 Qxf6 27. Nc3 Rxh2 28. Ne4 
Qh4 29. P@h3 B@e5 30. Nd3 Rxg2+ 31. Kxg2 B@g8 32. R@f3+ P@f4 33. Kf1 P@g3 
{Gobi forfeits on time} 1-0

[Event "fics rated crazyhouse match"]
[Site "fics, Oklahoma City, OK USA"]
[Date "2000.01.01"]
[White "Gobi"]
[WhiteElo "2361"]
[Black "jtp"]
[BlackElo "2254"]
[TimeControl "180+0"]
[Result "1-0"]

1. e4 Nf6 2. Nc3 d5 3. exd5 Nxd5 4. Nxd5 Qxd5 5. d4 Nc6 6. N@b5 
Kd8 7. Bf4 N@a6 8. Nf3 e6 9. Ng5 Qd7 10. Bc4 Be7 11. d5 Bxg5 
12. Bxg5+ P@f6 13. dxe6 fxe6 14. P@d6 P@d5 15. dxc7+ Nxc7 16. Nxc7 Qxc7 17. Bxd5 
Qa5+ 18. B@c3 Qxd5 19. Qxd5+ exd5 20. N@f7+ Ke7 21. Nxh8 Q@e6+ 22. R@e3 N@e4 
23. P@f7 Bd7 24. P@h6 N@f5 25. hxg7 Nxg7 26. P@h6 Nf5 27. P@g7 B@h5 28. f8=Q+ 
Rxf8 29. gxf8=Q+ Kxf8 30. Bgxf6 Nxf6 31. Rxe6 Bxe6 32. P@g7+ Ke7 33. Q@f8+ Kd7 
34. Q@c8# 
{jtp checkmated} 1-0

[Event "fics rated crazyhouse match"]
[Site "fics, Oklahoma City, OK USA"]
[Date "2000.01.01"]
[White "jtp"]
[WhiteElo "2248"]
[Black "Gobi"]
[BlackElo "2367"]
[TimeControl "180+0"]
[Result "0-1"]

1. e4 Nf6 2. Nc3 Nc6 3. Nf3 e5 4. Bc4 Bc5 5. O-O O-O 6. d3 
d6 7. Bg5 Be6 8. Bd5 h6 9. Bxf6 Qxf6 10. Bxe6 fxe6 11. B@e3 B@h5 
12. N@d7 Qf7 13. Nxf8 Rxf8 14. R@g3 B@f4 15. Bxc5 dxc5 16. B@e2 Bxg3 17. hxg3 
B@g4 18. B@h1 Bxf3 19. Bxf3 Bxf3 20. gxf3 Nd4 21. B@g2 B@a5 22. B@e2 N@g5 
23. Rc1 R@h5 24. f4 Nxe2+ 25. Qxe2 B@h2# 
{jtp checkmated} 0-1

[Event "fics rated crazyhouse match"]
[Site "fics, Oklahoma City, OK USA"]
[Date "2000.01.01"]
[White "Gobi"]
[WhiteElo "2372"]
[Black "jtp"]
[BlackElo "2243"]
[TimeControl "180+0"]
[Result "1-0"]

1. e4 Nf6 2. Nc3 d5 3. exd5 Nxd5 4. d4 e6 5. Nf3 Bb4 6. Bd2 
Qe7 7. P@e4 Nxc3 8. bxc3 Ba5 9. N@c4 Bb6 10. a4 c6 11. Nxb6 axb6 
12. B@a3 Qc7 13. e5 Rxa4 14. Bd6 Rxa1 15. Qxa1 Qxd6 16. exd6 O-O 17. Bd3 
P@f5 18. R@g3 P@g4 19. h3 N@h5 20. hxg4 Nxg3 21. fxg3 N@f6 22. N@e7+ Kh8 
23. P@h6 Nxg4 24. hxg7+ Kxg7 25. Rxh7+ Kxh7 26. Ng5+ Kg7 27. P@h6+ Nxh6 28. Q@h7+ 
Kf6 29. Qxh6+ R@g6 30. Nh7# 
{jtp checkmated} 1-0

[Event "fics rated crazyhouse match"]
[Site "fics, Oklahoma City, OK USA"]
[Date "2000.01.01"]
[White "jtp"]
[WhiteElo "2238"]
[Black "Gobi"]
[BlackElo "2377"]
[TimeControl "180+0"]
[Result "0-1"]

1. e4 Nc6 2. Nf3 Nf6 3. e5 Ng4 4. d4 d6 5. exd6 exd6 6. Bb5 
a6 7. Qe2+ Qe7 8. Bxc6+ bxc6 9. Qxe7+ Bxe7 10. N@h5 Q@g6 11. Q@c3 B@d5 
12. Nf4 Qe4+ 13. P@e3 P@b4 14. Qd2 a5 15. h3 Nf6 16. O-O Ba6 17. Re1 
O-O 18. a3 Qf5 19. axb4 Bxf3 20. gxf3 N@h4 21. P@g2 axb4 22. B@g4 Qb5 
23. c3 P@g5 24. Nh5 Nxh5 25. Bxh5 N@b3 26. Rxa6 Nxd2 27. Rxa8 Rxa8 28. Nxd2 
bxc3 29. bxc3 P@e2 30. B@c4 Qxc4 31. Nxc4 R@d1 32. N@c2 Rxe1+ 33. Nxe1 R@f1+ 
34. Kh2 B@g1+ 35. Kg3 Q@h2+ 36. Kg4 f5# 
{jtp checkmated} 0-1

[Event "fics rated crazyhouse match"]
[Site "fics, Oklahoma City, OK USA"]
[Date "2000.01.01"]
[White "Gobi"]
[WhiteElo "2382"]
[Black "jtp"]
[BlackElo "2233"]
[TimeControl "180+0"]
[Result "1-0"]

1. e4 Nf6 2. Nc3 d5 3. e5 d4 4. exf6 dxc3 5. bxc3 exf6 6. Bb5+ 
Bd7 7. Qe2+ Qe7 8. Bxd7+ Nxd7 9. N@d5 Qxe2+ 10. Nxe2 Q@e5 11. B@b3 N@h4 
12. Q@h3 P@f3 13. gxf3 B@g2 14. Qxh4 Bxh1 15. d4 Qxd5 16. Bxd5 N@g2+ 17. Kd2 
Nxh4 18. Bxf7+ Kxf7 19. P@e6+ Kxe6 20. Nf4+ Ke7 21. Q@e6+ Kd8 22. N@f7+ Kc8 
23. Qe8# 
{jtp resigns} 1-0

[Event "fics rated crazyhouse match"]
[Site "fics, Oklahoma City, OK USA"]
[Date "2000.01.01"]
[White "jtp"]
[WhiteElo "2228"]
[Black "Gobi"]
[BlackElo "2387"]
[TimeControl "180+0"]
[Result "1-0"]

1. e4 e5 2. Nf3 Nc6 3. Bc4 Bc5 4. c3 Nf6 5. d4 exd4 6. cxd4 
Bxd4 7. O-O P@e5 8. Nc3 d6 9. P@d5 Na5 10. Qa4+ c6 11. dxc6 bxc6 
12. Nd5 Nxd5 13. Bxd5 P@b5 14. Qxa5 Qxa5 15. Bxc6+ P@d7 16. Bxa8 O-O 17. N@f5 
Q@f6 18. P@e7 Re8 19. Bg5 N@e2+ 20. Kh1 Qxg5 21. Nxg5 B@f6 22. R@f8+ Rxf8 
23. Q@h8+ Kxh8 24. exf8=Q+ R@g8 25. Nxf7# 
{Gobi checkmated} 1-0